 Dungeon Crawl Stone Soup version 0.32-a0-418-g34023cf50c (webtiles) character file.

Game seed: 6700158371093381729

830 Asfel the Ruffian (level 7, -1/49 HPs)
             Began as a Demonspawn Shapeshifter on Feb 21, 2024.
             Slain by a yak (9 damage)
             ... on level 3 of the Dungeon.
             The game lasted 00:07:24 (2688 turns).

Asfel the Ruffian (Demonspawn Shapeshifter)         Turns: 2688, Time: 00:07:25

Health: -1/49      AC: 14    Str: 16    XL:     7   Next: 65%
Magic:  7/7        EV:  5    Int: 11    God:
Gold:   205        SH:  0    Dex: 12    Spells: 6/6 levels left

rFire   . .          .
                       - Unarmed
rCold   + . .        (no shield)
rNeg    . . .        l - +0 plate armour
rPois   .            (helmet currently unavailable)
rElec   .            (cloak currently unavailable)
rCorr   .            (gloves currently unavailable)
SInv    .            (boots currently unavailable)
Will    .....        v - amulet of regeneration Stlth
                     s - ring of Jitsuaf {rC+ Stlth+}
HPRegen 1.08/turn    (no ring)
MPRegen 0.10/turn

%: clarity
@: beast-form
A: beast (slay +2), claws 1, slimy green scales 2, demonic guardian 1, clarity,
wild magic 1
a: Begin Untransformation


You were on level 3 of the Dungeon.
You were a hulking beast.
You visited 1 branch of the dungeon, and saw 4 of its levels.

You collected 205 gold pieces.

Inventory:

Armour
 a - a +0 animal skin
 e - a +0 leather armour
 g - a +0 cloak
 l - a +0 plate armour (worn)
Jewellery
 s - the ring of Jitsuaf (left claw) {rC+ Stlth+}
   (You found it on level 3 of the Dungeon)

   [ring of protection from cold]

   rC+:       It protects you from cold.
   Stlth+:    It makes you more stealthy.
 v - an amulet of regeneration (around neck)
Talismans
 c - a beast talisman (active)
 d - a flux talisman
Scrolls
 h - a scroll of acquirement {unknown}
 i - 5 scrolls of identify {unknown}
 j - 2 scrolls of enchant weapon {unknown}
 k - 2 scrolls of teleportation {unknown}
 n - a scroll of revelation {unknown}
 r - a scroll of summoning {unknown}
Potions
 b - 2 potions of lignification
 o - a potion of degeneration {unknown}
 p - a potion of cancellation {unknown}
 q - a potion of experience {unknown}
 t - 2 potions of curing {unknown}
 u - a potion of enlightenment {unknown}


   Skills:
 + Level 1.8 Fighting
 + Level 2.9 Armour
 + Level 2.5 Dodging
 + Level 0.3 Stealth
 + Level 6.1 Unarmed Combat
 * Level 4.5 Shapeshifting


You had 6 spell levels left.
You didn't know any spells.
Your spell library was empty.

Dungeon Overview and Level Annotations

Branches:
Dungeon (4/15)
 Temple: D:4-7

Altars:
Ashenzari
Hepliaklqana


Innate Abilities, Weirdness & Mutations

You are a hulking beast.
Your limbs bulge with bestial killing power. (Slay +2)
You have sharp fingernails.
You are mostly covered in slimy green scales. (AC +3)
A weak demonic guardian rushes to your aid.
You possess an exceptional clarity of mind.
Your spells are a little harder to cast, but a little more powerful.


Message History

A demonic guardian appears!
Your ufetubus hits the yak.
Your ufetubus hits the yak but does no damage.
You swap places.
Your ufetubus hits the yak but does no damage.
Your ufetubus closely misses the yak.
The yak gores your ufetubus.
Your ufetubus barely misses the yak.
Your ufetubus hits the yak. The yak gores your ufetubus!
Your ufetubus dies!
Your ufetubus disappears in a puff of smoke!
There is an open door here.
The yak attacks as it pursues you! The yak gores you!
* * * LOW HITPOINT WARNING * * *
Unknown command.
The yak attacks as it pursues you! The yak gores you but does no damage.
The yak attacks as it pursues you! The yak gores you but does no damage.
The yak attacks as it pursues you! The yak gores you but does no damage.
The yak attacks as it pursues you! The yak barely misses you.
The goblin throws a stone.
The stone barely misses you. The yak gores you but does no damage.
The goblin throws a stone.
The stone hits you but does no damage. The yak attacks as it pursues you!
The yak barely misses you.
There is a stone staircase leading up here.
The yak gores you.
* * * LOW HITPOINT WARNING * * *
The yak barely misses you.
You climb upwards.
There is a stone staircase leading down here.
You scratch the yak.
The yak is almost dead.
The yak gores you but does no damage. x2
You scratch the yak.
The yak is almost dead.
The yak gores you but does no damage. The yak gores you!
* * * LOW HITPOINT WARNING * * *
A demonic guardian appears!
You scratch the yak.
You kill the yak!
The yak gores you!
You die...

####.....#####.#####.#
.....................#
.###....#.####.####### .#
#....#.## #.## .#
#....#..###..##### .#
#.........##.....###########
.#
#......##..#.5##.#.........#
.#
#......###.#Y†##.#.######.##
.# #......# #...h##.#.# #.#
.# ###....# #######.#.# #.#
.# #....# #.#.# #.# .#
#....# #.#.# #.#
.#####.<.### #.#.# #.#
##.........# #.#.# #.#
##.........# #.#.# #.#
#.........# #.#.######.#
#.........# #.#.#......#


You could see a yak (ally target) and a friendly iron imp (summoned).

Vanquished Creatures
  4 yaks
  A bombardier beetle (D:4)
  A sleepcap (D:4)
  9 adders
  A ribbon worm (D:4)
  3 orcs (D:4)
  4 ball pythons
  5 endoplasms
  3 giant cockroaches
  3 goblins
  10 hobgoblins
  2 jackals (D:3)
  3 quokkas
  3 bats
  3 frilled lizards (D:2)
  6 kobolds
  4 rats
65 creatures vanquished.

Vanquished Creatures (collateral kills)
  A yak (D:4)
1 creature vanquished.

Grand Total: 66 creatures vanquished

Notes
Turn   | Place    | Note
-------+----------+-------------------------------------------
     0 | D:1      | Asfel the Demonspawn Shapeshifter began the quest for the
                  | Orb.
     0 | D:1      | Reached XP level 1. HP: 15/15 MP: 1/1
    95 | D:1      | Gained mutation: You are partially covered in slimy green
                  | scales. (AC +2) [demonic ancestry]
    95 | D:1      | Reached XP level 2. HP: 21/21 MP: 2/2
   291 | D:1      | Gained mutation: You have sharp fingernails. [demonic
                  | ancestry]
   291 | D:1      | Reached XP level 3. HP: 26/26 MP: 3/3
   564 | D:2      | Reached skill level 3 in Unarmed Combat
   676 | D:2      | Gained mutation: A weak demonic guardian rushes to your
                  | aid. [demonic ancestry]
   676 | D:2      | Reached XP level 4. HP: 14/32 MP: 4/4
  1194 | D:2      | Reached skill level 1 in Armour
  1439 | D:3      | Found a hazy altar of Hepliaklqana.
  1500 | D:3      | Reached XP level 5. HP: 30/37 MP: 5/5
  1598 | D:3      | Identified the +5 plate armour "Nafusk" {Slay+3}
  1829 | D:3      | Identified the ring of Jitsuaf {rC+ Stlth+}
  2202 | D:4      | Reached skill level 4 in Unarmed Combat
  2251 | D:4      | Found a broken altar of Ashenzari.
  2585 | D:4      | Noticed a yak
  2586 | D:4      | Noticed a yak
  2586 | D:4      | Noticed a yak
  2586 | D:4      | Noticed a yak
  2587 | D:4      | Noticed a yak
  2587 | D:4      | Noticed a yak
  2615 | D:4      | Killed a yak
  2616 | D:4      | Reached skill level 5 in Unarmed Combat
  2616 | D:4      | Gained mutation: You are mostly covered in slimy green
                  | scales. (AC +3) [demonic ancestry]
  2616 | D:4      | Reached XP level 6. HP: 33/43 MP: 6/6
  2631 | D:4      | Gained mutation: Your spells are a little harder to cast,
                  | but a little more powerful. [potion of mutation]
  2631 | D:4      | Gained mutation: You possess an exceptional clarity of
                  | mind. [potion of mutation]
  2632 | D:4      | Killed a yak
  2633 | D:4      | Reached XP level 7. HP: 41/48 MP: 7/7
  2637 | D:4      | Killed a yak
  2652 | D:4      | Killed a yak
  2653 | D:4      | Reached skill level 6 in Unarmed Combat
  2688 | D:3      | Killed a yak
  2688 | D:3      | Slain by a yak

Illustrated notes

Levels and vault maps discovered:
D:1:      zaba_arrival_water, layout_basic
D:2:      layout_basic, lexackson_kobold_supper
D:3:      layout_basic, mainiacjoe_overflow_alcove_2, minmay_misc_feat_plants,
          nicolae_half_adder
D:4:      layout_basic, cheibrodos_ashenzari_chains, gup_sewer_entry_pipe,
          serial_shops, nicolae_shop_trees

Skill      XL: |  1  2  3  4  5  6  7 |
---------------+----------------------+-----
Shapeshifting  | 3 4 |  4.5
Dodging        | 2 |  2.5
Unarmed Combat | 3 5 6 |  6.1
Armour         | 1 2 |  2.9
Fighting       | |  1.8
Stealth        | |  0.3

Action                     |  1- 3 |  4- 6 |  7- 9 || total
---------------------------+-------+-------+-------++-------
  Melee: Unarmed           |    81 |   129 |    31 ||   241
         Punch             |       |     5 |       ||     5
    Use: Potion            |       |     2 |     1 ||     3
 Armour: Animal skin       |    24 |       |       ||    24
         Leather armour    |    26 |       |       ||    26
         Plate armour      |       |   103 |    31 ||   134
  Dodge: Dodged            |    57 |    31 |     9 ||    97

Table legend: (Time is in decaauts)
 A = Elapsed time spent in this place.
 B = Non-inter-level travel time spent in this place.
 C = Inter-level travel time spent in this place.
 D = Time resting spent in this place.
 E = Time spent auto-exploring this place.
 F = Levels seen in this place.
 G = Mean time per level.
                   A        B        C        D        E       F      G
               +--------+--------+--------+--------+--------+-----+--------+
         Total |   2675 |   2474 |    201 |      0 |   1747 |   4 |  668.8 |
       Dungeon |   2675 |   2474 |    201 |      0 |   1747 |   4 |  668.8 |
               +--------+--------+--------+--------+--------+-----+--------+

Top non-repeatable levels by time:
     D:3: 878 daAuts
     D:2: 838 daAuts
     D:4: 489 daAuts
     D:1: 469 daAuts
